 Dungeon Crawl Stone Soup version 0.32-a0-7-ge934b4519a (webtiles) character file.

Game seed: 17486749094286016095

35 Xavori the Trooper (level 3, -1/33 HPs)
             Began as a Djinni Chaos Knight on Jan 14, 2024.
             Was a Plaything of Xom.
             Slain by a ribbon worm (4 damage)
             ... on level 2 of the Dungeon.
             The game lasted 00:00:52 (4638 turns).

Xavori the Trooper (Djinni Chaos Knight)            Turns: 4638, Time: 00:00:53

Health: -1/33      AC:  5    Str: 11    XL:     3   Next: 55%
Gold:   38         EV: 12    Int: 13    God:    Xom [.....*] SH:  0 Dex: 14

rFire   + + .        a - +0 falchion (chaos)
rCold   x . .        (no shield)
rNeg    . . .        b - +2 leather armour
rPois   ∞            (no helmet)
rElec   .            (no cloak)
rCorr   .            (no gloves)
SInv    .            (boots unavailable)
Will    .....        (no amulet)
Stlth   +            (no ring)
HPRegen 0.25/turn    (no ring)
MPRegen 0.00/turn

%: infuse magic (-2 HP)
@: flying
A: sickness immunity, fire resistance 2, cold vulnerability 1, float, innate
caster, HP casting, extra vitality 1, robust 1, devolution 1
a: Renounce Religion


You were on level 2 of the Dungeon.
You worshipped Xom.
You were Xom's teddy bear.
You visited 1 branch of the dungeon, and saw 2 of its levels.

You collected 38 gold pieces.

Inventory:

Hand Weapons
 a - a +0 falchion of chaos (weapon)
Armour
 b - a +2 leather armour (worn)
Scrolls
 c - a scroll of butterflies
 e - 2 scrolls of identify {unknown}
Potions
 d - a potion of heal wounds {unknown}
 f - a potion of curing {unknown}
 g - a potion of attraction {unknown}


   Skills:
 + Level 3.2 Fighting
 + Level 2.9 Long Blades
 + Level 1.4 Armour
 + Level 2.5 Dodging
 * Level 1.1 Spellcasting
 * Level 1.1 Conjurations
 * Level 1.1 Hexes
   Level 0.0 Charms
 * Level 1.1 Summonings
 * Level 1.1 Necromancy
 * Level 1.1 Translocations
   Level 0.0 Transmutations
 * Level 1.1 Fire Magic
 * Level 1.1 Ice Magic
 * Level 1.1 Air Magic
 * Level 1.1 Earth Magic
 * Level 1.1 Alchemy


You knew the following spells:

 Your Spells              Type           Power      Damage    Failure   Level
a - Sting                 Conj/Alch      12%        1d3       24%         1
Your spell library was empty.

Dungeon Overview and Level Annotations

Branches:
Dungeon (2/15)

Altars:
Xom


Innate Abilities, Weirdness & Mutations

You are immune to sickness and miasma.
You are immune to poison.
Your flesh is very heat resistant. (rF++)
You are vulnerable to cold. (rC-)
You float through the air rather than walking.
You learn spells naturally, not from books.
Your magical power is your life essence.
You have superior vitality. (+4 MHP)
You are robust. (+10% HP)
You have hidden genetic defects.


Message History

The ribbon worm closely misses you. The kobold hits you with a +0 dagger.
You hit the ribbon worm.
The ribbon worm is moderately wounded.
The ribbon worm bites you! The kobold misses you.
You are too injured to fight recklessly!
You hit the ribbon worm. You freeze the ribbon worm.
The ribbon worm is heavily wounded.
The kobold hits you with a +0 dagger. The ribbon worm closely misses you.
You are too injured to fight recklessly!
You hit the ribbon worm but do no damage.
The ribbon worm seems to grow stronger.
Xom is mildly amused.
The ribbon worm is heavily wounded.
The kobold hits you but does no damage.
The ribbon worm expels a string of sticky webbing.
The stream of webbing hits you but does no damage.
You are caught in a web!
The kobold hits you but does no damage. The ribbon worm bites you.
* * * LOW HITPOINT WARNING * * *
The kobold hits you but does no damage.
You hit the ribbon worm.
The ribbon worm is heavily wounded.
The ribbon worm barely misses you. The kobold hits you with a +0 dagger.
* * * LOW HITPOINT WARNING * * *
Unknown command.
You barely miss the ribbon worm.
The ribbon worm is heavily wounded.
The kobold hits you with a +0 dagger.
* * * LOW HITPOINT WARNING * * *
The ribbon worm closely misses you.
You hit the ribbon worm but do no damage.
The ribbon worm seems to speed up.
The ribbon worm is heavily wounded.
The ribbon worm bites you but does no damage.
The kobold hits you but does no damage.
You slash the ribbon worm! You freeze the ribbon worm.
The ribbon worm is almost dead.
The ribbon worm bites you.
You die... "What!?
That's it?"

#............
.###..........# .
............$.# ..
#.(..........#...
###......(......?.
#.............#
...$#.....†...#
#..........#
#..@w..?...#
#..)K......#
#............#
#..........#..
#...!......####
############


You could see a ribbon worm (fast, strong) and a kobold.

Vanquished Creatures
  A dart slug (D:1)
  5 ball pythons (D:1)
  3 endoplasms (D:1)
  4 goblins
  3 hobgoblins
  3 jackals (D:1)
  A quokka (D:1)
  3 bats (D:1)
  2 frilled lizards (D:1)
  3 kobolds (D:1)
  3 rats
31 creatures vanquished.

Notes
Turn   | Place    | Note
-------+----------+-------------------------------------------
     0 | D:1      | Xavori the Djinni Chaos Knight began the quest for the Orb.
     0 | D:1      | Reached XP level 1. HP: 20/20 MP: 0/0
    69 | D:1      | XOM: silly message
    92 | D:1      | XOM: potion effect (invisibility)
    97 | D:1      | Reached XP level 2. HP: 19/25 MP: 0/0
   269 | D:1      | XOM: smoke on damage
   306 | D:1      | Reached XP level 3. HP: 26/30 MP: 0/0
   306 | D:1      | Learned a level 1 spell: Sting
   371 | D:1      | Reached skill level 1 in Spellcasting
   371 | D:1      | Reached skill level 1 in Conjurations
   371 | D:1      | Reached skill level 1 in Hexes
   371 | D:1      | Reached skill level 1 in Summonings
   371 | D:1      | Reached skill level 1 in Necromancy
   371 | D:1      | Reached skill level 1 in Translocations
   371 | D:1      | Reached skill level 1 in Fire Magic
   371 | D:1      | Reached skill level 1 in Ice Magic
   371 | D:1      | Reached skill level 1 in Air Magic
   371 | D:1      | Reached skill level 1 in Earth Magic
   371 | D:1      | Reached skill level 1 in Alchemy
   860 | D:1      | XOM: god gift: fizzy emerald potion {god gift}
  1164 | D:1      | Gained mutation: You have hidden genetic defects. [potion
                  | of mutation]
  1164 | D:1      | Gained mutation: You are robust. (+10% HP) [potion of
                  | mutation]
  2994 | D:1      | XOM: silly message
  4063 | D:1      | XOM: noise
  4354 | D:1      | XOM: scenery: create altars
  4610 | D:1      | XOM: summons 2 hostile demons
  4638 | D:2      | Slain by a ribbon worm

Illustrated notes

Levels and vault maps discovered:
D:1:      mrwooster_arrival_statue_3, layout_rooms, roderic_lattice_a
D:2:      layout_rooms, serial_shops, nicolae_shop_mannequins,
          ebering_ecumenical_altar_hall, basic_altar, minmay_distorted,
          uniq_natasha

Skill      XL: |  1  2  3 |
---------------+----------+-----
Spellcasting   | 1 |  1.1
Conjurations   | 1 |  1.1
Hexes          | 1 |  1.1
Summonings     | 1 |  1.1
Necromancy     | 1 |  1.1
Translocations | 1 |  1.1
Fire Magic     | 1 |  1.1
Ice Magic      | 1 |  1.1
Air Magic      | 1 |  1.1
Earth Magic    | 1 |  1.1
Alchemy        | 1 |  1.1
Fighting       | |  3.2
Long Blades    | |  2.9
Armour         | |  1.4
Dodging        | |  2.5

Action                     || total
---------------------------++-------
  Melee: Falchion          ||    92
    Use: Potion            ||     1
   Stab: Invisible         ||     2
 Armour: Leather armour    ||    84
  Dodge: Dodged            ||    83

Table legend: (Time is in decaauts)
 A = Elapsed time spent in this place.
 B = Non-inter-level travel time spent in this place.
 C = Inter-level travel time spent in this place.
 D = Time resting spent in this place.
 E = Time spent auto-exploring this place.
 F = Levels seen in this place.
 G = Mean time per level.
                   A        B        C        D        E       F      G
               +--------+--------+--------+--------+--------+-----+--------+
         Total |   4654 |   4632 |     22 |   3807 |    605 |   2 | 2327.0 |
       Dungeon |   4654 |   4632 |     22 |   3807 |    605 |   2 | 2327.0 |
               +--------+--------+--------+--------+--------+-----+--------+

Top non-repeatable levels by time:
     D:1: 4620 daAuts
     D:2: 34 daAuts
